 Dungeon Crawl Stone Soup version 0.29.0-4-gdea44cf6ec (webtiles) character file.

Game seed: 4167394989169203004

45 qw the Chopper (level 3, -4/21 HPs)
             Began as a Tengu Warper on Aug 28, 2022.
             Killed by divine providence
             ... invoked by an orc priest
              (9 damage)
             ... on level 3 of the Dungeon.
             The game lasted 00:00:21 (2766 turns).

qw the Chopper (Tengu Warper)                       Turns: 2766, Time: 00:00:22

Health: -4/21      AC:  5    Str: 13    XL:     3   Next: 64%
Magic:  7/7        EV: 11    Int: 13    God:
Gold:   126        SH:  0    Dex: 13    Spells: 6/6 levels left

rFire   . . .      SeeInvis .   Y - +0 war axe
rCold   . . .      Faith    .   (no shield)
rNeg    . . .      Spirit   .   a - +0 ring mail
rPois   .          Reflect  .   (helmet restricted)
rElec   .          Harm     .   (no cloak)
rCorr   .          Rampage  .   (no gloves)
Will    .....                   (boots unavailable)
Stlth   +.........              (no amulet)
HPRegen 0.07/turn               (no ring)
MPRegen 0.10/turn               (no ring)

@: no status effects
A: beak, talons 3
a: no special abilities


You were on level 3 of the Dungeon.
You visited 1 branch of the dungeon, and saw 3 of its levels.

You collected 126 gold pieces.


Innate Abilities, Weirdness & Mutations

You have a beak for a mouth.
You have claws for feet.


   Skills:
 - Level 2.0 Fighting
 + Level 4.3 Axes
 - Level 1.0 Throwing
 - Level 1.1 Armour
 - Level 2.1 Dodging
 - Level 2.0 Spellcasting
 - Level 2.4 Translocations


You had 6 spell levels left.
You didn't know any spells.
Your spell library contained the following spells:

 Spells                   Type           Power      Damage    Failure   Level
 Blink                    Tloc           14%        N/A       30%         2
 Gell's Gravitas          Tloc           7%         N/A       52%         3
 Lesser Beckoning         Tloc           7%         N/A       52%         3
 Teleport Other           Tloc           7%         N/A       52%         3
 Manifold Assault         Tloc           7%         N/A       99%         5

Inventory:

Hand Weapons
 c - a +0 whip of electrocution
 Y - a +0 war axe (weapon)
Armour
 a - a +0 ring mail (worn)
Potions
 h - a potion of mutation {unknown}

Dungeon Overview and Level Annotations

Branches:
Dungeon (3/15)

Altars:

Shops:
D:1 [


Message History

There is a stone staircase leading down here.
You hit the orc but do no damage. You claw the orc, but do no damage.
Your peck misses the orc. The orc hits you but does no damage.
You closely miss the orc. You claw the orc.
The orc is severely wounded.
The orc hits you but does no damage.
You slash the orc!
You kill the orc!
Done exploring.
(D) Dungeon
Where to? (* - list waypoints, Enter - D:3, ? - help)
What level of the Dungeon? (default 1, ? - help)
You climb downwards.
The orc priest mumbles some strange prayers to Beogh against you.
Beogh smites you!
Ouch! That really hurt!
There is a stone staircase leading up here.
2560 ||| STAIRDANCE You climb upwards.
There is a stone staircase leading down here.
You start resting.
HP restored.
Done exploring.
(D) Dungeon
Where to? (* - list waypoints, Enter - D:3, ? - help)
What level of the Dungeon? (default 1, ? - help)
You climb downwards.
The orc wizard casts a spell.
The orc wizard flickers and vanishes!
Deactivating autopickup; reactivate with Ctrl-A.
There is a stone staircase leading up here.
There are monsters nearby!
The orc priest invokes the aid of Beogh against you.
Beogh smites you!
Ouch! That really hurt!
You barely miss the orc priest.
The orc priest invokes the aid of Beogh against you.
Beogh smites you!
You die...

####### #.. #.....# #.#
#.....# #.#
#.....####### #.#
#..>........# #.#
######......####.# #.#
.................####.#
####.#...........<....#
####.#.##....###@.#####
.....#..........oo......
####.#.....##..#.#####..
#.#...........#
#.............##
####..#.......#...#
....<.#.#...#.#...###
####..#......o#.....#
####..#.....o.#.#.#.#


You could see 2 orc priests.

Vanquished Creatures
  A dart slug (D:2)
  3 orcs (D:2)
  4 ball pythons
  3 bats
  2 endoplasms (D:1)
  2 giant cockroaches
  2 goblins
  4 hobgoblins
  4 kobolds
  3 quokkas
  3 frilled lizards
  4 rats
35 creatures vanquished.

Notes
Turn   | Place    | Note
-------+----------+-------------------------------------------
     0 | D:1      | qw the Tengu Warper began the quest for the Orb.
     0 | D:1      | Reached XP level 1. HP: 12/12 MP: 4/4
     0 | D:1      | 0 ||| qw: Version: 0.1-a-89-g26bdef1
     0 | D:1      | 0 ||| qw: Game counter: 81
     0 | D:1      | 0 ||| qw: Always use a shield: true
     0 | D:1      | 0 ||| qw: God list: Okawaru
     0 | D:1      | 0 ||| qw: Allow faded altars: false
     0 | D:1      | 0 ||| qw: Do Orc after D:15 true
     0 | D:1      | 0 ||| qw: Do second Lair branch before Depths: true
     0 | D:1      | 0 ||| qw: Lair rune preference: random
     0 | D:1      | 0 ||| qw: Plans: Normal
     0 | D:1      | 0 ||| PLANNING D:1-11
    11 | D:1      | Found Eghonn's Armour Shop.
    16 | D:1      | 16 ||| SHOPLISTING +0 chain mail (63 gold, have 0).
    16 | D:1      | 16 ||| SHOPLISTING +0 pair of gloves (63 gold, have 0).
    16 | D:1      | 16 ||| SHOPLISTING +0 ring mail (56 gold, have 0).
    16 | D:1      | 16 ||| SHOPLISTING +0 scale mail of willpower (154 gold,
                  | have 0).
   196 | D:1      | Reached XP level 2. HP: 17/17 MP: 6/6
   212 | D:1      | Reached skill level 3 in Axes
   832 | D:1      | 832 ||| READING scroll labelled ZEICRA TUZUPP.
   833 | D:1      | 833 ||| READING scroll labelled HOM NYFEXOUFF.
   834 | D:1      | 834 ||| READING 2 scrolls labelled BITIOPH IDAI.
   835 | D:1      | 835 ||| DROPPING scroll of blinking.
   836 | D:1      | 836 ||| DROPPING scroll of poison.
   837 | D:1      | 837 ||| Stepping randomly (stuck).
   838 | D:1      | 838 ||| Stepping ~*~*~tactically~*~*~ (cloud).
   843 | D:1      | HP: 4/17 [poisoned by you (poison gas)]
  1166 | D:2      | 1166 ||| STAIRDANCE
  1171 | D:2      | 1171 ||| STAIRDANCE
  1206 | D:2      | Reached XP level 3. HP: 19/21 MP: 7/7
  1222 | D:2      | 1222 ||| Stepping ~*~*~tactically~*~*~ (hiding).
  1415 | D:2      | 1415 ||| SWAPPING to +0 war axe.
  1425 | D:2      | Reached skill level 4 in Axes
  1425 | D:2      | 1425 ||| DROPPING +1 hand axe.
  1460 | D:2      | 1460 ||| FLEEEEING.
  1461 | D:2      | 1461 ||| FLEEEEING.
  1462 | D:2      | 1462 ||| FLEEEEING.
  1463 | D:2      | 1463 ||| FLEEEEING.
  1467 | D:2      | 1467 ||| FLEEEEING.
  1468 | D:2      | 1468 ||| FLEEEEING.
  1469 | D:2      | 1469 ||| FLEEEEING.
  1470 | D:2      | 1470 ||| FLEEEEING.
  1471 | D:2      | 1471 ||| FLEEEEING.
  1472 | D:2      | 1472 ||| FLEEEEING.
  1473 | D:2      | 1473 ||| STAIRDANCE
  1503 | D:1      | 1503 ||| DROPPING ring of flight.
  1504 | D:1      | 1504 ||| READING scroll labelled KIOSUMP YCRO.
  1505 | D:1      | 1505 ||| READING scroll labelled EKKYHE POGO.
  1511 | D:2      | 1511 ||| STAIRDANCE
  1605 | D:2      | 1605 ||| DROPPING +0 mace.
  1905 | D:2      | 1905 ||| READING scroll labelled HAUCZY MUNUNU.
  1906 | D:2      | 1906 ||| READING scroll labelled EXORHE GIUTT.
  1909 | D:2      | 1909 ||| DRINKING 2 murky blue potions.
  1946 | D:2      | 1946 ||| DROPPING potion of lignification.
  2005 | D:3      | 2005 ||| UPGRADING to +0 ring mail.
  2007 | D:3      | 2007 ||| UPGRADING to +0 ring mail.
  2009 | D:3      | 2009 ||| UPGRADING to +0 ring mail.
  2010 | D:3      | 2010 ||| UPGRADING to +0 ring mail.
  2020 | D:3      | 2020 ||| DROPPING +0 leather armour.
  2021 | D:3      | 2021 ||| Stepping randomly (stuck).
  2022 | D:3      | 2022 ||| Stepping randomly (stuck).
  2023 | D:3      | 2023 ||| Stepping randomly (stuck).
  2024 | D:3      | 2024 ||| Stepping randomly (stuck).
  2025 | D:3      | 2025 ||| Stepping randomly (stuck).
  2026 | D:3      | 2026 ||| Stepping randomly (stuck).
  2027 | D:3      | 2027 ||| Stepping randomly (stuck).
  2028 | D:3      | 2028 ||| Stepping randomly (stuck).
  2030 | D:3      | 2030 ||| Stepping randomly (stuck).
  2032 | D:3      | 2032 ||| Stepping randomly (stuck).
  2033 | D:3      | 2033 ||| Stepping randomly (stuck).
  2034 | D:3      | 2034 ||| Stepping randomly (stuck).
  2035 | D:3      | 2035 ||| Stepping randomly (stuck).
  2036 | D:3      | 2036 ||| Stepping randomly (stuck).
  2037 | D:3      | 2037 ||| Stepping randomly (stuck).
  2038 | D:3      | 2038 ||| Stepping randomly (stuck).
  2039 | D:3      | 2039 ||| Stepping randomly (stuck).
  2040 | D:3      | 2040 ||| Stepping randomly (stuck).
  2041 | D:3      | 2041 ||| Stepping randomly (stuck).
  2042 | D:3      | 2042 ||| Stepping randomly (stuck).
  2043 | D:3      | 2043 ||| Stepping randomly (stuck).
  2044 | D:3      | 2044 ||| Stepping randomly (stuck).
  2045 | D:3      | 2045 ||| Stepping randomly (stuck).
  2046 | D:3      | 2046 ||| Stepping randomly (stuck).
  2047 | D:3      | 2047 ||| Stepping randomly (stuck).
  2048 | D:3      | 2048 ||| Stepping randomly (stuck).
  2049 | D:3      | 2049 ||| Stepping randomly (stuck).
  2050 | D:3      | 2050 ||| Stepping randomly (stuck).
  2051 | D:3      | 2051 ||| Stepping randomly (stuck).
  2052 | D:3      | 2052 ||| Stepping randomly (stuck).
  2053 | D:3      | 2053 ||| Stepping randomly (stuck).
  2054 | D:3      | 2054 ||| Stepping randomly (stuck).
  2055 | D:3      | 2055 ||| Stepping randomly (stuck).
  2056 | D:3      | 2056 ||| Stepping randomly (stuck).
  2057 | D:3      | 2057 ||| Stepping randomly (stuck).
  2058 | D:3      | 2058 ||| Stepping randomly (stuck).
  2059 | D:3      | 2059 ||| Stepping randomly (stuck).
  2060 | D:3      | 2060 ||| Stepping randomly (stuck).
  2061 | D:3      | 2061 ||| Stepping randomly (stuck).
  2062 | D:3      | 2062 ||| Stepping randomly (stuck).
  2063 | D:3      | 2063 ||| Stepping randomly (stuck).
  2064 | D:3      | 2064 ||| Stepping randomly (stuck).
  2065 | D:3      | 2065 ||| Stepping randomly (stuck).
  2066 | D:3      | 2066 ||| Stepping randomly (stuck).
  2067 | D:3      | 2067 ||| Stepping randomly (stuck).
  2068 | D:3      | 2068 ||| Stepping randomly (stuck).
  2069 | D:3      | 2069 ||| Stepping randomly (stuck).
  2070 | D:3      | 2070 ||| Stepping randomly (stuck).
  2071 | D:3      | 2071 ||| Stepping randomly (stuck).
  2072 | D:3      | 2072 ||| Stepping randomly (stuck).
  2074 | D:3      | 2074 ||| Stepping randomly (stuck).
  2075 | D:3      | 2075 ||| Stepping randomly (stuck).
  2076 | D:3      | 2076 ||| Stepping randomly (stuck).
  2077 | D:3      | 2077 ||| Stepping randomly (stuck).
  2078 | D:3      | 2078 ||| Stepping randomly (stuck).
  2079 | D:3      | 2079 ||| Stepping randomly (stuck).
  2080 | D:3      | 2080 ||| Stepping randomly (stuck).
  2081 | D:3      | 2081 ||| Stepping randomly (stuck).
  2082 | D:3      | 2082 ||| Stepping randomly (stuck).
  2083 | D:3      | 2083 ||| Stepping randomly (stuck).
  2084 | D:3      | 2084 ||| Stepping randomly (stuck).
  2085 | D:3      | 2085 ||| Stepping randomly (stuck).
  2086 | D:3      | 2086 ||| Stepping randomly (stuck).
  2087 | D:3      | 2087 ||| Stepping randomly (stuck).
  2088 | D:3      | 2088 ||| Stepping randomly (stuck).
  2104 | D:3      | HP: 5/21 [orc priest/divine providence (16)]
  2105 | D:3      | 2105 ||| FLEEEEING.
  2106 | D:3      | 2106 ||| FLEEEEING.
  2107 | D:3      | 2107 ||| FLEEEEING.
  2108 | D:3      | 2108 ||| FLEEEEING.
  2109 | D:3      | 2109 ||| FLEEEEING.
  2110 | D:3      | 2110 ||| FLEEEEING.
  2111 | D:3      | 2111 ||| FLEEEEING.
  2112 | D:3      | 2112 ||| STAIRDANCE
  2327 | D:3      | 2327 ||| STAIRDANCE
  2327 | D:3      | HP: 5/21 [orc priest/divine providence (11)]
  2553 | D:3      | 2553 ||| STAIRDANCE
  2560 | D:3      | 2560 ||| STAIRDANCE
  2765 | D:3      | HP: 5/21 [orc priest/divine providence (16)]
  2766 | D:3      | Killed from afar by an orc priest

Levels and vault maps discovered:
D:1:      wander_arrival_abandoned_jail, layout_rooms, serial_shops, shop
D:2:      layout_rooms, corner_web_ring
D:3:      cheibrodos_pilgrimage, layout_basic,
          mainiacjoe_overflow_concentric_impassable,
          mainiacjoe_overflow_brackets, serial_shops, shop_statue,
          gammafunk_ghost_stat_death

Skill      XL: |  1  2  3 |
---------------+----------+-----
Axes           | 3 4 |  4.3
Fighting       | |  2.0
Throwing       | |  1.0
Armour         | |  1.1
Dodging        | |  2.1
Spellcasting   | |  2.0
Translocations | |  2.4

Action                   || total
-------------------------++-------
Melee: Hand axe          ||    55
       Peck              ||    13
       Kick              ||    14
       War axe           ||    25
Throw: Boomerang         ||     7
  Use: Scroll            ||     7
       Potion            ||     1
Armor: Leather armour    ||    17
       Ring mail         ||     7
Dodge: Dodged            ||    42

Table legend:
 A = Non-vault XP
 B = Vault XP
 C = Vault XP percentage of total XP
 D = Non-vault monster count
 E = Vault monster count
 F = Vault count percentage of total count
                 A         B        C        D         E       F
            +---------+---------+-------+---------+---------+-------
      Total |      56 |       9 |  13.8 |      32 |       3 |   8.6
            +---------+---------+-------+---------+---------+-------
        D:1 |      32 |       0 |   0.0 |      20 |       0 |   0.0
        D:2 |      24 |       9 |  27.3 |      12 |       3 |  20.0
            +---------+---------+-------+---------+---------+-------
